 Dungeon Crawl Stone Soup version 0.28.0 (webtiles) character file.

Game seed: 5996105669770112147

410 Sanktem7 the Chopper (level 6, -6/56 HPs)
             Began as a Hill Orc Fighter on Feb 11, 2022.
             Killed by divine providence
             ... invoked by an orc priest
              (13 damage)
             ... on level 5 of the Dungeon.
             The game lasted 00:07:17 (4039 turns).

Sanktem7 the Chopper (Hill Orc Fighter)             Turns: 4039, Time: 00:07:17

Health: -6/56      AC: 15    Str: 27    XL:     6   Next: 89%
Magic:  6/6        EV:  7    Int:  8    God:
Gold:   113        SH:  8    Dex: 10    Spells: 5/5 levels left

rFire   . . .      SeeInvis .   a - +0 war axe
rCold   . . .      Faith    .   i - +0 kite shield
rNeg    . . .      Spirit   .   t - +0 chain mail
rPois   .          Reflect  .   (no helmet)
rElec   .          Harm     .   w - +0 cloak
rCorr   .          Rampage  .   o - +2 pair of gloves
Will    .....                   h - +0 pair of boots
Stlth   ..........              (no amulet)
HPRegen 0.18/turn               c - +6 ring of strength
MPRegen 0.10/turn               (no ring)

@: no status effects
A: no striking features
a: Convert to Beogh


You were on level 5 of the Dungeon.
You visited 1 branch of the dungeon, and saw 5 of its levels.

You collected 113 gold pieces.

Inventory:

Hand Weapons
 a - a +0 war axe (weapon)
Armour
 h - a +0 pair of boots (worn)
 i - a +0 kite shield (worn)
 o - a +2 pair of gloves (worn)
 t - a +0 chain mail (worn)
 w - a +0 cloak (worn)
Jewellery
 c - a +6 ring of strength (left hand)
Wands
 s - a wand of paralysis (10)
 u - a wand of polymorph (2)
 v - a wand of acid (1)
Scrolls
 e - a scroll of enchant armour {unknown}
 f - 2 scrolls of amnesia {unknown}
 g - 3 scrolls of teleportation {unknown}
 j - a scroll of fear {unknown}
 m - a scroll of identify {unknown}
 n - 2 scrolls of magic mapping {unknown}
 p - a scroll of vulnerability {unknown}
 r - a scroll of torment {unknown}
Potions
 b - a potion of mutation {unknown}
 d - a potion of might
 k - 2 potions of haste {unknown}
 l - a potion of attraction {unknown}
 q - 2 potions of cancellation {unknown}


   Skills:
 * Level 5.0 Fighting
 * Level 7.0 Axes
 * Level 5.0 Armour
 + Level 0.7 Dodging
 + Level 0.1 Stealth
 - Level 3.2 Shields


You had 5 spell levels left.
You didn't know any spells.
Your spell library was empty.

Dungeon Overview and Level Annotations

Branches:
Dungeon (5/15)
 Temple: D:4-7

Altars:


Message History

The water moccasin skeleton is severely damaged.
You block the water moccasin skeleton's attack.
You barely miss the water moccasin skeleton.
The water moccasin skeleton is severely damaged.
The water moccasin skeleton bites you but does no damage.
The water moccasin skeleton closely misses you.
You closely miss the water moccasin skeleton.
The water moccasin skeleton is severely damaged.
The water moccasin skeleton completely misses you.
You block the water moccasin skeleton's attack.
You hit the water moccasin skeleton.
The water moccasin skeleton is almost destroyed.
You block the water moccasin skeleton's attack.
You slash the water moccasin skeleton!
You destroy the water moccasin skeleton!
Your Fighting skill increases to level 5!
Your Axes skill increases to level 7!
Your Armour skill increases to level 5!
An orc is nearby!
An orc is nearby!
The orc priest shouts!
The orc shouts!
You hear a shout!
The orc priest calls down the wrath of Beogh upon you.
Beogh smites you!
The orc priest mumbles some strange prayers to Beogh against you.
Beogh smites you!
The orc priest mumbles some strange prayers to Beogh against you.
Beogh smites you!
The orc hits you with a +4 mace of distortion.
* * * LOW HITPOINT WARNING * * *
Space warps around you.
* * * LOW HITPOINT WARNING * * *
You closely miss the orc. You block the orc's attack.
You hit the orc.
The orc is heavily wounded.
The orc hits you with a +4 mace of distortion.
* * * LOW HITPOINT WARNING * * *
Space warps around you.
* * * LOW HITPOINT WARNING * * *
The orc priest calls down the wrath of Beogh upon you.
Beogh smites you!
You die...

o..o..
.....##.......#.g#≈≈≈≈.#
....#.
..............#..##≈≈≈.###
....# ..............##
#≈≈≈.... ....#
...............# ##≈.....
....# ......o......#.##
#≈..... .oo.# #...#####..#
#...... .o..#
#####o..#....# #.#....
..... .. ##o......#
#......
##.##@##....####......
#......#..............
###..###......#.###...
..... #......#.###...
##.##.#######.....+... ..
.. #.#.###... #.# #.#
#.#..##### #. .#
#.##.###.. ## ##
#.##.#...#


You could see an orc priest, an orc wizard and an orc.

Vanquished Creatures
  A scorpion (D:5)
  A water moccasin skeleton (D:5)
  2 hounds
  Natasha (thrice) (D:2)
  An iguana (D:4)
  A scorpion zombie (D:5)
  A hound skeleton (D:4)
  A howler monkey skeleton (D:5)
  2 adders
  An ufetubus (D:3)
  An adder skeleton (D:4)
  A worm (D:4)
  2 dart slugs
  3 orcs
  4 ball pythons
  4 bats
  5 endoplasms
  4 giant cockroaches
  11 goblins
  4 hobgoblins (D:3)
  5 jackals
  A quokka (D:3)
  3 kobolds
  A rat (D:3)
  A spectral hobgoblin (D:2)
64 creatures vanquished.

Notes
Turn   | Place    | Note
-------+----------+-------------------------------------------
     0 | D:1      | Sanktem7 the Hill Orc Fighter began the quest for the Orb.
     0 | D:1      | Reached XP level 1. HP: 19/19 MP: 1/1
   469 | D:1      | Reached XP level 2. HP: 27/27 MP: 2/2
   494 | D:1      | Reached skill level 3 in Axes
  1209 | D:2      | Reached XP level 3. HP: 33/33 MP: 3/3
  1322 | D:2      | Noticed Natasha
  1333 | D:2      | Killed Natasha
  1334 | D:2      | Reached skill level 4 in Axes
  1493 | D:2      | Noticed Natasha
  1500 | D:2      | Killed Natasha
  1501 | D:2      | Reached XP level 4. HP: 31/40 MP: 4/4
  1731 | D:2      | Noticed Natasha
  1739 | D:2      | Killed Natasha
  2068 | D:2      | Found a faded altar of an unknown god.
  2368 | D:3      | Reached XP level 5. HP: 45/46 MP: 5/5
  2732 | D:3      | Reached skill level 5 in Axes
  3123 | D:4      | Reached XP level 6. HP: 53/53 MP: 6/6
  3806 | D:5      | Entered Level 5 of the Dungeon
  3867 | D:5      | Reached skill level 6 in Axes
  4023 | D:5      | Reached skill level 5 in Fighting
  4023 | D:5      | Reached skill level 7 in Axes
  4023 | D:5      | Reached skill level 5 in Armour
  4039 | D:5      | Killed from afar by an orc priest

Illustrated notes

Levels and vault maps discovered:
D:1:      matt_arrival_spirals, layout_loops_ring
D:2:      layout_basic, dreamdust_ecumenical_altar_drowned_temple, uniq_natasha
D:3:      corexii_shack_village, layout_basic
D:4:      layout_cave_pools, serial_co_window_serial, co_window_corner_a,
          co_window_of_opportunity_a, co_window_corner_a,
          co_window_of_opportunity_a, co_window_paths_b, co_window_corner_a,
          co_window_corner_a, co_window_corner_a, co_window_paths_a,
          co_window_paths_c, co_window_of_opportunity_c, co_window_broadway_a,
          co_window_corner_cb, co_window_corner_cb, co_window_4corner_b
D:5:      cheibrodos_thug_alley, layout_basic, grunt_decor_one_mirror,
          minmay_misc_feat_alley, st_stairs_6, uniq_duvessa

Skill      XL: |  1  2  3  4  5  6 |
---------------+-------------------+-----
Axes           | 3 4 5 7 |  7.0
Fighting       | 4 5 |  5.0
Armour         | 4 5 |  5.0
Dodging        | |  0.7
Stealth        | |  0.1
Shields        | |  3.2

Action                   |  1- 3 |  4- 6 || total
-------------------------+-------+-------++-------
Melee: War axe           |    85 |   164 ||   249
Armor: Scale mail        |    50 |    59 ||   109
       Chain mail        |       |    21 ||    21
Dodge: Dodged            |    42 |    58 ||   100
Block: Buckler           |    25 |       ||    25
       Kite shield       |     6 |    85 ||    91
